Map: Vaani Research Station (Void)

Players

Fropez

  • Race: Protoss Protoss
  • League: Gold
  • Spawn Location: 6:00

Zeedog - Winner!

  • Race: Zerg Zerg
  • League: Gold
  • Spawn Location: 12:00

VOD

Have the link to the VOD?

Description

Time

  • Played on: Jan. 11, 2017, 5:52 p.m.
  • Length: 17:12
Show
View Real Time Build Order
Export as new Build Order

Fropez Protoss 

Build Orders:  

Get SALT Encoding   

  12  0:01  Probe (Chrono Boost)  
  13  0:11  Probe (Chrono Boost)  
  14  0:23  Pylon, Probe (Chrono Boost)  
  15  0:41  Probe (Chrono Boost)  
  16  0:43  Gateway  
  16  0:52  Probe (Chrono Boost)  
  16  0:56  Assimilator  
  17  1:12  Pylon  
  17  1:19  Pylon  
  17  1:31  Probe (Chrono Boost)  
  18  1:38  Zealot  
  18  1:39  Cybernetics Core  
  20  1:41  Probe (Chrono Boost)  
  20  1:46  Assimilator  
  21  2:10  Nexus  
  21  2:19  Mothership Core (Chrono Boost)  
  23  2:29  Adept  
  24  2:42  Probe (Chrono Boost)  
  25  2:53  Pylon  
  25  3:02  Warp Gate  
  25  3:07  Pylon  
  25  3:11  Adept  
  25  3:12  Probe (Chrono Boost)  
  28  3:24  Probe (Chrono Boost)  
  29  3:35  Gateway  
  29  3:39  Probe (Chrono Boost)  
  29  3:40  Probe (Chrono Boost)  
  31  3:54  Probe (Chrono Boost)  
  33  3:55  Probe (Chrono Boost)  
  33  4:03  Pylon  
  33  4:05  Probe (Chrono Boost)  
  35  4:11  Probe (Chrono Boost)  
  35  4:12  Pylon  
  35  4:23  Twilight Council  
  35  4:24  Pylon  
  35  4:27  Probe (Chrono Boost)  
  36  4:51  Probe (Chrono Boost)  
  36  4:52  Probe (Chrono Boost)  
  38  5:01  Probe (Chrono Boost), Assimilator  
  40  5:07  Robotics Facility  
  40  5:08  Probe (Chrono Boost)  
  40  5:09  Adept  
  40  5:10  Adept  
  40  5:11  Blink  
  40  5:12  Probe (Chrono Boost)  
  45  5:20  Probe (Chrono Boost)  
  44  5:22  Pylon  
  42  5:35  Stalker x2  
  48  5:43  Probe (Chrono Boost)  
  48  5:44  Probe (Chrono Boost)  
  48  5:46  Pylon  
  48  5:53  Probe (Chrono Boost)  
  48  5:54  Warp Prism  
  48  5:56  Probe (Chrono Boost)  
  52  5:59  Stalker x2  
  56  6:12  Probe (Chrono Boost)  
  56  6:13  Probe (Chrono Boost)  
  58  6:32  Gateway  
  56  6:34  Gateway x2  
  56  6:38  Gateway  
  56  6:40  Gateway  
  56  6:53  Adept x2  
  60  7:07  Observer  
  61  7:26  Pylon  
  61  7:33  Forge  
  61  7:35  Assimilator  
  61  7:38  Forge  
  61  7:41  Forge  
  61  7:42  Pylon  
  61  7:43  Stalker x4  
  69  7:46  Pylon  
  69  7:47  Stalker x2  
  69  7:48  Stalker  
  75  7:53  Probe (Chrono Boost)  
  75  7:55  Probe (Chrono Boost)  
  77  8:22  Stalker x2  
  77  8:23  Stalker x5  
  87  8:54  Protoss Shields Level 1, Protoss Ground Weapons Level 1  
  73  9:05  Stalker x6  
  73  9:06  Stalker  
  73  9:08  Protoss Ground Armor Level 1  
  85  9:30  Stalker x2  
  85  9:31  Stalker x5  
  97  9:55  Pylon x2  
  97  9:57  Pylon  
  96  10:12  Stalker x3  
  96  10:13  Stalker x4  
  95  10:36  Sentry x5  
  89  11:18  Zealot x3  
  90  11:19  Zealot x2  
  74  11:41  Pylon  
  74  11:42  Pylon  
  74  11:44  Pylon  
  74  11:45  Pylon  
  49  12:49  Nexus  
Show
View Real Time Build Order
Export as new Build Order

Zeedog Zerg - Winner!

Build Orders: Pool First 

Get SALT Encoding   

  12  0:01  Drone  
  13  0:13  Overlord  
  13  0:18  Drone  
  14  0:31  Drone x2  
  16  0:36  Drone  
  17  0:48  Spawning Pool  
  16  0:50  Drone  
  16  0:57  Drone  
  18  1:07  Drone  
  19  1:34  Queen  
  19  1:35  Zergling x2  
  22  1:40  Spine Crawler  
  22  1:43  Zergling x2  
  22  1:49  Hatchery  
  22  1:50  Zergling x2  
  22  1:54  Extractor  
  21  2:33  Drone  
  21  2:36  Overlord x2  
  22  3:05  Drone x2  
  24  3:07  Hatchery  
  24  3:10  Drone  
  23  3:31  Queen x2  
  27  3:41  Drone x2  
  28  3:42  Roach Warren, Drone x2  
  30  3:50  Drone x2  
  30  3:54  Extractor  
  31  4:00  Drone x3  
  34  4:15  Spine Crawler, Drone x4  
  37  4:42  Roach  
  37  4:43  Roach x5  
  49  4:50  Drone  
  49  4:52  Overlord x4  
  48  5:28  Drone x12  
  60  5:36  Queen  
  62  5:44  Drone  
  62  5:45  Drone x2  
  65  5:56  Spore Crawler  
  64  6:03  Roach  
  64  6:04  Roach x5  
  76  6:07  Spore Crawler  
  75  6:12  Pneumatized Carapace  
  75  6:13  Drone x5  
  75  6:14  Drone x2  
  82  6:24  Hatchery  
  81  6:32  Spore Crawler  
  80  6:38  Roach  
  82  6:42  Lair  
  82  6:45  Overlord x5  
  82  6:46  Overlord x3  
  82  6:57  Extractor  
  82  7:00  Extractor  
  80  7:04  Extractor  
  80  7:05  Roach  
  80  7:06  Roach x6  
  93  7:25  Roach x2  
  93  7:26  Roach x4  
  105  7:35  Roach x2  
  105  7:36  Evolution Chamber  
  108  7:50  Roach, Hydralisk Den  
  108  7:51  Roach x4  
  117  7:55  Queen x4  
  117  7:58  Zergling x2  
  126  7:59  Zergling x8  
  130  8:13  Zergling x4  
  130  8:14  Zergling x12  
  138  8:24  Metabolic Boost  
  138  8:25  Hydralisk  
  140  8:27  Hydralisk  
  134  9:05  Overlord x4  
  131  9:34  Overlord x3  
  131  9:35  Overlord  
  126  9:53  Ravager  
  126  9:54  Ravager x3  
  126  9:55  Ravager  
  126  9:56  Zergling x2  
  132  10:01  Hydralisk x5  
  132  10:02  Hydralisk x3  
  148  10:13  Extractor  
  147  10:15  Hydralisk x3  
  147  10:20  Drone, Hatchery  
  135  11:00  Zergling x2  
  100  12:17  Hatchery  
  99  12:40  Hydralisk  
  99  12:41  Drone  
  102  13:06  Hatchery  
  102  13:10  Hatchery  
  88  16:19  Overlord x3  
  88  16:56  Hatchery  
Tags
 
Add a new tag
Caveats
  • Supply blocks, unpowered buildings, or Contaminate may cause inaccurate times.
  • Supply counts are checked every 10 seconds.